 Dungeon Crawl Stone Soup version 0.28.0-53-g5a82cb258f (webtiles) character file.

Game seed: 6880020243978439663

5982 DocClef the Magician (level 10, -6/76 HPs)
             Began as a Gnoll Fire Elementalist on July 19, 2022.
             Was a High Priest of Ru.
             Mangled by a death yak (20 damage)
             ... on level 9 of the Dungeon.
             The game lasted 00:12:42 (11779 turns).

DocClef the Magician (Gnoll Fire Elementalist)     Turns: 11779, Time: 00:12:43

Health: -6/76      AC:  3    Str:  7    XL:     10   Next: 85%
Magic:  2/21       EV: 16    Int: 22    God:    Ru [*****.]
Gold:   592        SH:  0    Dex: 16    Spells: 11/24 levels left

rFire   + + .      SeeInvis .   p - +8 rapier "Pilaim" {venom, rF++ rC- Int+2 Dex+4}
rCold   + + .      Faith    .   (shield unavailable)
rNeg    . . .      Spirit   .   a - +0 robe
rPois   .          Reflect  .   (no helmet)
rElec   .          Harm     .   (no cloak)
rCorr   +          Rampage  .   o - +0 pair of gloves of Cocytus {-Tele rC+++ Will- rCorr}
Will    .....      NoTele   +   (no boots)
Stlth   ++++......              (no amulet)
HPRegen 0.22/turn               (ring unavailable)
MPRegen 0.17/turn               (no ring)

@: no status effects
A: fangs 1, missing a hand, inability to use devices, inability to train armour,
strong nose, distributed training
a: Renounce Religion, Draw Out Power, Power Leap, Apocalypse


You were on level 9 of the Dungeon.
You worshipped Ru.
Ru was extremely pleased with you.
You visited 1 branch of the dungeon, and saw 9 of its levels.

You collected 592 gold pieces.

Inventory:

Hand Weapons
 g - a +0 mace
 p - the +8 rapier "Pilaim" (weapon) {venom, rF++ rC- Int+2 Dex+4}
   (You found it on level 3 of the Dungeon)

   It poisons the flesh of those it strikes.
   Int:       It affects your intelligence (+2).
   Dex:       It affects your dexterity (+4).
   rF:        It greatly protects you from fire.
   rC:        It makes you vulnerable to cold.
 z - the +8 trident of the Spider Nest {elec, rElec rN+}
   (You found it on level 8 of the Dungeon)

   It occasionally discharges a powerful burst of electricity upon striking a
   foe.
   rElec:     It insulates you from electricity.
   rN:        It protects you from negative energy.
Armour
 a - a +0 robe (worn)
 o - the +0 pair of gloves of Cocytus (worn) {-Tele rC+++ Will- rCorr}
   (You found it on level 2 of the Dungeon)

   rC:        It renders you almost immune to cold.
   -Tele:     It prevents most forms of teleportation.
   rCorr:     It protects you from acid and corrosion.
   Will:      It decreases your willpower.
Jewellery
 A - an amulet of guardian spirit
Scrolls
 b - 8 scrolls of identify {unknown}
 e - a scroll of torment {unknown}
 f - 2 scrolls of magic mapping {unknown}
 h - 2 scrolls of enchant weapon {unknown}
 j - 4 scrolls of fog {unknown}
 s - 2 scrolls of teleportation {unknown}
 u - a scroll of summoning {unknown}
 v - 2 scrolls of enchant armour {unknown}
 y - 2 scrolls of immolation {unknown}
 B - a scroll of brand weapon {unknown}
Potions
 c - 3 potions of flight {unknown}
 d - 3 potions of mutation {unknown}
 i - 2 potions of brilliance {unknown}
 k - 6 potions of curing {unknown}
 l - 2 potions of ambrosia {unknown}
 m - a potion of invisibility {unknown}
 n - a potion of heal wounds {unknown}
 q - a potion of berserk rage
 r - 2 potions of attraction {unknown}
 t - 2 potions of resistance {unknown}
 w - 3 potions of haste {unknown}
 x - a potion of might {unknown}
 C - a potion of degeneration {unknown}


   Skills:
 + Level 5.6 Fighting
 + Level 5.6 Short Blades
 + Level 5.6 Long Blades
 + Level 5.6 Axes
 + Level 5.6 Maces & Flails
 + Level 5.6 Polearms
 + Level 5.6 Staves
 + Level 5.6 Slings
   Level 0.0 Bows
 + Level 5.6 Crossbows
 + Level 5.6 Throwing
   Level 0.0 Armour
 + Level 7.3 Dodging
 + Level 7.1 Stealth
   Level 0.0 Shields
 + Level 5.6 Unarmed Combat
 + Level 7.6 Spellcasting
 + Level 5.2 Conjurations
 + Level 4.6 Hexes
 + Level 4.6 Summonings
 + Level 4.6 Necromancy
 + Level 4.6 Translocations
 + Level 4.6 Transmutations
 + Level 7.3 Fire Magic
 + Level 4.6 Ice Magic
 + Level 4.6 Air Magic
 + Level 4.6 Earth Magic
 + Level 4.6 Poison Magic
 + Level 6.2 Invocations
   Level 0.0 Evocations


You had 11 spell levels left.
You knew the following spells:

 Your Spells              Type           Power      Damage    Failure   Level
a - Foxfire               Conj/Fire      100%       2x1d9     1%          1
b - Scorch                Fire           80%        2d9       1%          2
c - Inner Flame           Hex/Fire       34%        N/A       1%          3
d - Conjure Flame         Conj/Fire      36%        6-21      1%          3
e - Flame Wave            Conj/Fire      36%        2d9       6%          4

Your spell library contained the following spells:

 Spells                   Type           Power      Damage    Failure   Level
 Animate Skeleton         Necr           58%        N/A       1%          1
 Apportation              Tloc           58%        N/A       1%          1
 Freeze                   Ice            100%       1d11      1%          1
 Summon Small Mammal      Summ           100%       N/A       1%          1
 Hailstorm                Conj/Ice       30%        3d8       10%         4
 Metabolic Englaciation   Hex/Ice        14%        N/A       30%         5


Dungeon Overview and Level Annotations

Branches:
Dungeon (9/15)             Temple (0/1) D:5
   Lair: D:8-11         Orc: D:9-12

Altars:
Gozag
Kikubaaqudgha
Nemelex Xobeh
Qazlal
Ru
Sif Muna
Uskayaw

Shops:
D:4 *   D:5 *   D:7 (


Innate Abilities, Weirdness & Mutations

You have very sharp teeth.
You are missing a hand.
You cannot study or use magical devices.
You cannot train Armour skill.
Your uncanny sense of smell can sniff out nearby items.
Your experience applies equally to all skills.


Message History

The death yak is engulfed in blazing flames.
Unknown command.
You puncture the death yak!
The death yak looks as sick as possible!
The death yak is moderately wounded.
The death yak is engulfed in blazing flames.
The death yak gores you!!
The death yak is engulfed in blazing flames.
You hear an angry hiss.
Casting: Inner Flame (safe; 1% risk of failure)
Confirm with . or Enter, or press ? or * to list all spells.
Aiming: Inner Flame (safe; 1% risk of failure)
Press: ? - help, Dir - move target, f - death yak, p - death yak
Aim: a death yak (flame, heavily wounded, extremely poisoned, chance to affect: 24%)
The death yak resists with almost no effort.
The death yak is engulfed in blazing flames.
The death yak misses you.
The death yak is engulfed in blazing flames.
You kill the death yak!
You hit the death yak but do no damage.
The death yak is heavily wounded.
The death yak is engulfed in blazing flames.
The death yak is stunned by your conviction and fails to attack.
Unknown command.
You hit the death yak.
The death yak looks as sick as possible!
The death yak is severely wounded.
The death yak is engulfed in blazing flames.
The death yak gores you!!
* * * LOW HITPOINT WARNING * * *
The death yak is engulfed in blazing flames.
Casting: Inner Flame (safe; 1% risk of failure)
Confirm with . or Enter, or press ? or * to list all spells.
Aiming: Inner Flame (safe; 1% risk of failure)
Press: ? - help, Dir - move target, f/p - death yak
Aim: a death yak (flame, almost dead, extremely poisoned, chance to affect: 24%)
The death yak resists with almost no effort.
The death yak is engulfed in blazing flames.
The death yak gores you!!
You die...

#. #. #.
#.##########
#....[°....#
########
#.####.#YY.#
.......#
#......#Y#.#
######.#
#..@###YY.§.Y.
# #.# ##)#.#
#lY.... #.#
#.##.# #.....
#.########.##.#
#.... ##
#.....))....>.#
.... .#
##########.####
... ##.### #.#
## #.... ..#
...# ###


You could see 2 death yaks and a yak.

Vanquished Creatures
  A two-headed ogre (D:8)
  3 death yaks (D:9)
  A troll (D:6)
  Sigmund (D:2)
  A steam dragon (D:6)
  2 water moccasins
  2 orc warriors (D:9)
  A black bear (D:7)
  2 necrophages
  6 ogres
  A centaur (D:7)
  A phantom (D:7)
  A kobold brigand (D:8)
  Blork the orc (D:5)
  5 bullfrogs
  A wyvern zombie (D:7)
  A wyvern skeleton (D:7)
  2 howler monkeys (D:8)
  3 wights
  2 centaur zombies
  3 bullfrog zombies
  2 hounds
  3 jellies
  3 orc priests
  3 centaur skeletons
  7 orc wizards
  Jessica (D:2)
  4 iguanas
  A hound skeleton (D:4)
  A howler monkey zombie (D:9)
  4 gnolls (D:4)
  A howler monkey skeleton (D:7)
  10 adders
  A shadow imp (D:8)
  A white imp (D:7)
  2 ufetubi
  2 adder skeletons
  A worm (D:4)
  3 dart slugs
  32 orcs
  5 endoplasms
  2 giant cockroaches
  7 goblins
  3 hobgoblins
  8 kobolds
  A quokka (D:5)
  7 ball pythons
  7 bats
  3 frilled lizards
  4 rats
170 creatures vanquished.

Vanquished Creatures (others)
  A wight (D:9)
  A howler monkey (D:8)
  461 foxfires
  4 toadstools (D:1)
467 creatures vanquished.

Grand Total: 637 creatures vanquished

Notes
Turn   | Place    | Note
-------+----------+-------------------------------------------
     0 | D:1      | DocClef the Gnoll Fire Elementalist began the quest for the
                  | Orb.
     0 | D:1      | Reached XP level 1. HP: 13/13 MP: 6/6
    83 | D:1      | Got the Collected Works on the Snowflakes
   529 | D:1      | Reached XP level 2. HP: 19/19 MP: 3/7
   583 | D:1      | Learned a level 2 spell: Scorch
  1363 | D:2      | Reached XP level 3. HP: 10/25 MP: 6/9
  1365 | D:2      | Reached skill level 5 in Spellcasting
  1556 | D:2      | Noticed Jessica
  1559 | D:2      | Killed Jessica
  1560 | D:2      | Reached skill level 1 in Fighting
  1560 | D:2      | Reached skill level 1 in Short Blades
  1560 | D:2      | Reached skill level 1 in Long Blades
  1560 | D:2      | Reached skill level 1 in Axes
  1560 | D:2      | Reached skill level 1 in Maces & Flails
  1560 | D:2      | Reached skill level 1 in Polearms
  1560 | D:2      | Reached skill level 1 in Staves
  1560 | D:2      | Reached skill level 1 in Slings
  1560 | D:2      | Reached skill level 1 in Bows
  1560 | D:2      | Reached skill level 1 in Crossbows
  1560 | D:2      | Reached skill level 1 in Throwing
  1560 | D:2      | Reached skill level 1 in Armour
  1560 | D:2      | Reached skill level 1 in Shields
  1560 | D:2      | Reached skill level 1 in Unarmed Combat
  1560 | D:2      | Reached skill level 1 in Invocations
  1560 | D:2      | Reached skill level 1 in Evocations
  1560 | D:2      | Reached XP level 4. HP: 32/32 MP: 7/11
  1761 | D:2      | Noticed Sigmund
  1768 | D:2      | Learned a level 3 spell: Inner Flame
  1774 | D:2      | Killed Sigmund
  1775 | D:2      | Reached skill level 1 in Hexes
  1775 | D:2      | Reached skill level 1 in Summonings
  1775 | D:2      | Reached skill level 1 in Necromancy
  1775 | D:2      | Reached skill level 1 in Translocations
  1775 | D:2      | Reached skill level 1 in Transmutations
  1775 | D:2      | Reached skill level 1 in Ice Magic
  1775 | D:2      | Reached skill level 1 in Air Magic
  1775 | D:2      | Reached skill level 1 in Earth Magic
  1775 | D:2      | Reached skill level 1 in Poison Magic
  1775 | D:2      | Reached XP level 5. HP: 30/38 MP: 2/12
  1775 | D:2      | Reached XP level 6. HP: 35/44 MP: 2/13
  2318 | D:2      | Found a faded altar of an unknown god.
  2333 | D:2      | Prayed at the altar of an unknown god.
  2333 | D:2      | Became a worshipper of Ru the Awakened
  2355 | D:2      | Gained mutation: You cannot study or use magical devices.
                  | [Ru sacrifice]
  2355 | D:2      | Reached * piety under Ru
  2355 | D:2      | Reached ** piety under Ru
  2559 | D:2      | Identified the +0 pair of gloves of Cocytus {-Tele rC+++
                  | Will- rCorr}
  2928 | D:3      | Reached skill level 5 in Dodging
  3131 | D:3      | Found a shimmering blue altar of Sif Muna.
  3134 | D:3      | Found a sparkling altar of Nemelex Xobeh.
  3137 | D:3      | Found an opulent altar of Gozag.
  3140 | D:3      | Found a hide-covered altar of Uskayaw.
  3177 | D:3      | Identified the +8 rapier "Pilaim" {venom, rF++ rC- Int+2
                  | Dex+4}
  3425 | D:3      | Identified the +3 dagger of the Exiled Tusks {vorpal, rF+
                  | Will+ Str+2}
  4247 | D:4      | Reached XP level 7. HP: 50/50 MP: 11/15
  4497 | D:4      | Found Jefauw's Elemental Accessories.
  5085 | D:4      | Gained mutation: You are missing a hand. [Ru sacrifice]
  5085 | D:4      | Reached *** piety under Ru
  5085 | D:4      | Reached **** piety under Ru
  5085 | D:4      | Reached ***** piety under Ru
  5391 | D:5      | Entered Level 5 of the Dungeon
  5397 | D:5      | Found a staircase to the Ecumenical Temple.
  5429 | D:5      | Found an ancient bone altar of Kikubaaqudgha.
  5451 | D:5      | Learned a level 3 spell: Conjure Flame
  5456 | D:5      | Learned a level 4 spell: Flame Wave
  5733 | D:5      | Found a stormy altar of Qazlal.
  5813 | D:5      | Reached skill level 5 in Stealth
  5966 | D:5      | Found Igarot's Assorted Antiques.
  6052 | D:5      | Noticed Blork the orc
  6058 | D:5      | Killed Blork the orc
  6064 | D:5      | Reached XP level 8. HP: 57/57 MP: 6/16
  6769 | D:6      | Noticed a troll
  7003 | D:6      | Killed a troll
  7148 | D:6      | Reached XP level 9. HP: 42/65 MP: 18/18
  8641 | D:7      | Found Cutiup's Weapon Shop.
  8685 | D:7      | Gained mutation: You cannot train Armour skill. [Ru
                  | sacrifice]
  9309 | D:7      | Reached skill level 5 in Invocations
  9838 | D:8      | Identified the +8 trident of the Spider Nest {elec, rElec
                  | rN+}
 10669 | D:8      | Noticed a two-headed ogre
 10678 | D:8      | Killed a two-headed ogre
 10679 | D:8      | Reached skill level 5 in Fighting
 10679 | D:8      | Reached skill level 5 in Short Blades
 10679 | D:8      | Reached skill level 5 in Long Blades
 10679 | D:8      | Reached skill level 5 in Axes
 10679 | D:8      | Reached skill level 5 in Maces & Flails
 10679 | D:8      | Reached skill level 5 in Polearms
 10679 | D:8      | Reached skill level 5 in Staves
 10679 | D:8      | Reached skill level 5 in Slings
 10679 | D:8      | Reached skill level 5 in Crossbows
 10679 | D:8      | Reached skill level 5 in Throwing
 10679 | D:8      | Reached skill level 5 in Unarmed Combat
 10679 | D:8      | Reached XP level 10. HP: 60/74 MP: 14/20
 11495 | D:9      | Found a sacrificial altar of Ru.
 11751 | D:9      | Noticed a death yak
 11751 | D:9      | Noticed a death yak
 11752 | D:9      | Noticed a death yak
 11759 | D:9      | Noticed a death yak
 11760 | D:9      | Noticed a death yak
 11768 | D:9      | Killed a death yak
 11769 | D:9      | Reached skill level 5 in Conjurations
 11772 | D:9      | Killed a death yak
 11776 | D:9      | Killed a death yak
 11779 | D:9      | Mangled by a death yak

Illustrated notes

Levels and vault maps discovered:
D:1:      lightli_arrival_noodles, layout_basic, chequers_serial_rivers_small_a,
          minmay_gold_behind_fungi, hangedman_decor_points
D:2:      layout_loops_ring, hellmonk_ecumenical_altar_pennies_from_heaven,
          grunt_decor_clamped, uniq_sigmund, uniq_jessica
D:3:      layout_loops_ring, grunt_temple_overflow_cloverleaf
D:4:      layout_layer_cave, nicolae_elemental_shop, grunt_decor_cap,
          st_stairs_7
D:5:      layout_rooms, grunt_qazlal_clouds,
          mainiacjoe_overflow_concentric_impassable, minmay_temple_entry_hall,
          serial_shops, nicolae_inconvenience_store, kennysheep_generic_room_6,
          uniq_blork_the_orc
D:6:      layout_basic, minmay_crystal_room, grunt_ministairs_6
D:7:      layout_rooms, serial_shops, nicolae_shop_trees, interstate_on_off,
          fountainhead, st_stairs_4, minmay_increasing_density
D:8:      layout_basic
D:9:      nzn_winding_woodlands_three_and_one
          [nzn_winding_woodlands_5x15_sidewinder,
          nzn_winding_woodlands_5x15_concentric,
          nzn_winding_woodlands_5x15_sawtooth,
          nzn_winding_woodlands_center_pierced_h], layout_loops_ring,
          kennysheep_slug_shrine, overflow_temple_1_default, zin_statuary,
          dpeg_lair_monsters

Skill      XL: |  1  2  3  4  5  6  7  8  9 10 |
---------------+-------------------------------+-----
Conjurations   | 2 3 4 5 |  5.2
Spellcasting   | 5 6 7 |  7.6
Fighting       | 1 2 3 5 |  5.6
Short Blades   | 1 2 3 5 |  5.6
Long Blades    | 1 2 3 5 |  5.6
Axes           | 1 2 3 5 |  5.6
Maces & Flails | 1 2 3 5 |  5.6
Polearms       | 1 2 3 5 |  5.6
Staves         | 1 2 3 5 |  5.6
Slings         | 1 2 3 5 |  5.6
Bows           | 1 2 0 |  0.0
Crossbows      | 1 2 3 5 |  5.6
Throwing       | 1 2 3 5 |  5.6
Armour         | 1 2 3 0 |  0.0
Shields        | 1 2 0 |  0.0
Unarmed Combat | 1 2 3 5 |  5.6
Invocations    | 1 2 3 4 5 6 |  6.2
Evocations     | 1 0 |  0.0
Hexes          | 1 2 3 4 |  4.6
Summonings     | 1 2 3 4 |  4.6
Necromancy     | 1 2 3 4 |  4.6
Translocations | 1 2 3 4 |  4.6
Transmutations | 1 2 3 4 |  4.6
Ice Magic      | 1 2 3 4 |  4.6
Air Magic      | 1 2 3 4 |  4.6
Earth Magic    | 1 2 3 4 |  4.6
Poison Magic   | 1 2 3 4 |  4.6
Dodging        | 5 6 7 |  7.3
Stealth        | 5 6 7 |  7.1
Fire Magic     | 6 7 |  7.3

Action                   |  1- 3 |  4- 6 |  7- 9 | 10-12 || total
-------------------------+-------+-------+-------+-------++-------
Melee: Unarmed           |    14 |       |       |       ||    14
       Bite              |     3 |       |    21 |    11 ||    35
       Punch             |     3 |       |       |       ||     3
       Mace              |    13 |    27 |       |       ||    40
       Rapier            |       |    23 |   168 |    77 ||   268
 Cast: Foxfire           |    39 |    75 |   148 |    15 ||   277
       Inner Flame       |       |     2 |     4 |     4 ||    10
       Conjure Flame     |       |       |     1 |     1 ||     2
Invok: Sacrifice Artific |       |     1 |       |       ||     1
       Sacrifice a Hand  |       |       |     1 |       ||     1
       Sacrifice Durabil |       |       |     1 |       ||     1
 Stab: Sleeping          |     2 |     3 |     5 |       ||    10
       Invisible         |       |     1 |     2 |     1 ||     4
       Paralysed         |       |       |     3 |       ||     3
       Distracted        |       |       |     1 |     1 ||     2
Armor: Robe              |     2 |     6 |    17 |     3 ||    28
Dodge: Dodged            |    21 |    42 |   128 |    40 ||   231
